 Dungeon Crawl Stone Soup version 0.30.1-3-gfc49f6343a (webtiles) character file.

Game seed: 12012662267370237749

6317 LynnLen the Covert (level 10, -5/44 HPs)
             Began as a Spriggan Enchanter on July 28, 2023.
             Was a Believer of Dithmenos.
             Slain by a yak (9 damage)
             ... on level 1 of the Lair of Beasts.
             The game lasted 00:27:54 (8354 turns).

LynnLen the Covert (Spriggan Enchanter)             Turns: 8354, Time: 00:27:54

Health: -5/44      AC:  7    Str: 10    XL:     10   Next: 64%
Magic:  8/23       EV: 16    Int: 22    God:    Dithmenos [**....]
Gold:   320        SH:  0    Dex: 15    Spells: 14/26 levels left

rFire   . . .        a - +1 dagger
rCold   + . .        (no shield)
rNeg    . . .        c - +0 acid dragon scales
rPois   .            (helmet restricted)
rElec   .            o - +0 cloak
rCorr   +            (gloves unavailable)
SInv    +            (boots unavailable)
Will    +....        x - amulet of the acrobat
Stlth   +++++++      y - +6 ring of strength
HPRegen 0.27/turn    C - ring of protection from cold
MPRegen 0.18/turn

%: acrobat
@: wreathed by umbra, very quick
A: very small, no large weapons, unfitting armour, see invisible, speed 3
a: Renounce Religion, Shadow Step


You were on level 1 of the Lair of Beasts.
You worshipped Dithmenos.
Dithmenos was pleased with you.
You visited 2 branches of the dungeon, and saw 10 of its levels.

You collected 410 gold pieces.
You spent 90 gold pieces at shops.

Inventory:

Hand Weapons
 a - a +1 dagger (weapon)
Missiles
 A - 2 throwing nets
Armour
 c - +0 acid dragon scales (worn)
 o - a +0 cloak (worn)
 E - a +2 robe of willpower
Jewellery
 x - an amulet of the acrobat (around neck)
 y - a +6 ring of strength (left hand)
 B - a ring of ice
 C - a ring of protection from cold (right hand)
Wands
 e - a wand of iceblast (5)
 v - a wand of quicksilver (6)
 w - a wand of mindburst (39)
Scrolls
 b - a scroll of blinking {unknown}
 d - 2 scrolls of immolation
 j - a scroll of magic mapping
 m - a scroll of fear
 n - 4 scrolls of teleportation
 p - a scroll of fog {unknown}
 q - 2 scrolls of poison
 r - 3 scrolls of vulnerability
 t - 2 scrolls of amnesia
 D - a scroll of summoning {unknown}
 F - a scroll of silence {unknown}
Potions
 f - 3 potions of mutation
 g - 2 potions of ambrosia
 h - 3 potions of attraction
 i - 3 potions of lignification
 k - 2 potions of heal wounds {unknown}
 l - 2 potions of brilliance {unknown}
 s - 4 potions of curing
 u - a potion of haste {unknown}
 z - 4 potions of might {unknown}


   Skills:
 - Level 10.0 Short Blades
 - Level 2.6 Dodging
 + Level 13.3 Stealth
 + Level 8.9 Spellcasting
 + Level 3.1 Conjurations
 - Level 6.8 Hexes
 + Level 3.6 Ice Magic


You had 14 spell levels left.
You knew the following spells:

 Your Spells              Type           Power      Damage    Failure   Level
a - Ensorcelled Hibernat  Hex/Ice        64%        N/A       1%          2
b - Confusing Touch       Hex            40%        N/A       1%          3
c - Tukima's Dance        Hex            40%        N/A       1%          3
d - Fulminant Prism       Conj/Hex       15%        3d10      14%         4

Your spell library contained the following spells:

 Spells                   Type           Power      Damage    Failure   Level
 Slow                     Hex            100%       N/A       1%          1
 Dazzling Flash           Conj/Hex       62%        N/A       4%          3
 Momentum Strike          Conj/Tloc      32%        3d8       9%          2
 Static Discharge         Conj/Air       32%        2-4/arc   9%          2
 Blink                    Tloc           18%        N/A       17%         2
 Cigotuvi's Dreadful Rot  Necr/Pois/Air  18%        N/A       17%         2
 Lesser Beckoning         Tloc           18%        N/A       17%         2
 Vampiric Draining        Necr           9%         2d6       32%         3
 Volatile Blastmotes      Fire/Tloc      18%        2d11      32%         3
 Iskenderun's Mystic Bla  Conj/Tloc      16%        2d5       50%         4
 Yara's Violent Unravell  Hex/Tmut       12%        3d7       58%         5
 Airstrike                Air            4%         2d(1-17)  73%         4
 Dispel Undead            Necr           9%         3d8       73%         4
 Passage of Golubria      Tloc           9%         N/A       73%         4
 Summon Lightning Spire   Summ/Air       9%         N/A       73%         4
 Lee's Rapid Deconstruct  Erth           4%         3d5*      97%         5
 Death Channel            Necr           4%         N/A       100%        6


Dungeon Overview and Level Annotations

Branches:
Dungeon (9/15)             Temple (0/1) D:4            Lair (1/5) D:8
    Orc: D:9-12

Altars:
Dithmenos
Qazlal
Ru
Trog
Wu Jian
Yredelemnul
Zin

Shops:
D:5 (


Innate Abilities, Weirdness & Mutations

You are very small and have problems with some larger weapons.
You are too small for most types of armour.
You have supernaturally acute eyesight. (SInv)
You cover ground extremely quickly. (Speed+++)


Message History

Unknown command.
The helpless yak fails to defend itself.
You perforate the yak like a sieve!!!!
You kill the yak!
Dithmenos accepts your kill.
Aiming: Ensorcelled Hibernation (safe; 1% risk of failure)
Press: ? - help, Q - select action, (/) - cycle Shift-Dir - straight line, f - yak
Aim: a yak (umbra, chance to affect: 62%)
The yak looks drowsy...
The yak gores you! The yak completely misses you.
Unknown command.
The helpless yak fails to defend itself.
You spit the yak like a pig!!!!
You kill the yak!
Dithmenos accepts your kill. The yak barely misses you.
The yak closely misses you.
Aiming: Ensorcelled Hibernation (safe; 1% risk of failure)
Press: ? - help, Q - select action, (/) - cycle Shift-Dir - straight line, f - yak
Aim: a yak (umbra, chance to affect: 62%)
The yak resists with significant effort.
The yak gores you but does no damage. The yak gores you.
Unknown command.
Aiming: Ensorcelled Hibernation (safe; 1% risk of failure)
Press: ? - help, Q - select action, (/) - cycle Shift-Dir - straight line, f/p - yak
Aim: a yak (umbra, chance to affect: 62%)
The yak looks drowsy...
The yak gores you!
* * * LOW HITPOINT WARNING * * *
The helpless yak fails to defend itself.
You skewer the yak like a kebab!!!!
You kill the yak!
Dithmenos accepts your kill.
Training target 10.0 for Short Blades reached!
Your Short Blades skill increases to level 10!
Aiming: Ensorcelled Hibernation (safe; 1% risk of failure)
Press: ? - help, Q - select action, (/) - cycle Shift-Dir - straight line, f - yak
Aim: a yak (umbra, chance to affect: 62%)
The yak resists with significant effort.
The yak gores you!
You die...

.........###..###.###
....................
...#######P....##.###
.### #P.......... .#
##..$.P..... .#
#....+..... .
#....####+####
##"....††......
#......@.......
##.....Y.......
#....#P+#.#.#.
#....#.. ...
#....#... ..#
#....#.... .#
#......... + #..
#....


You could see a yak.

Vanquished Creatures
  Erolcha (D:9)
  A boulder beetle (Lair:1)
  Pikel (D:6)
  2 komodo dragons
  Grinder (D:3)
  Sigmund (D:2)
  A shadow (D:9)
  A dancing weapon (D:8)
  A wyvern (D:8)
  4 yaks (Lair:1)
  A steam dragon (D:8)
  An acid dragon (D:9)
  2 water moccasins
  2 sky beasts
  3 black bears
  4 centaurs
  5 bullfrogs
  A gnoll sergeant (D:8)
  A scorpion (D:5)
  2 wights (D:8)
  4 howler monkeys
  5 jellies
  A gnoll bouda (D:6)
  Crazy Yiuf (D:2)
  A hound (D:6)
  3 orc priests
  Ijyb (D:4)
  Terence (D:2)
  3 iguanas
  6 orc wizards
  A sleepcap (D:7)
  14 gnolls
  10 adders
  A shadow imp (D:7)
  A worm (D:4)
  2 dart slugs
  12 orcs
  5 ball pythons
  An endoplasm (D:1)
  2 giant cockroaches (D:3)
  5 goblins
  6 hobgoblins
  4 quokkas
  5 bats
  6 frilled lizards
  7 kobolds
  4 rats
  A spectral orc (D:7)
149 creatures vanquished.

Vanquished Creatures (collateral kills)
  A wight (D:8)
  A gnoll (D:5)
  3 orcs
5 creatures vanquished.

Vanquished Creatures (others)
  5 dancing weapons
5 creatures vanquished.

Grand Total: 159 creatures vanquished

Notes
Turn   | Place    | Note
-------+----------+-------------------------------------------
     0 | D:1      | LynnLen the Spriggan Enchanter began the quest for the Orb.
     0 | D:1      | Reached XP level 1. HP: 9/9 MP: 5/5
   206 | D:1      | Reached XP level 2. HP: 13/13 MP: 6/6
   222 | D:1      | Learned a level 2 spell: Ensorcelled Hibernation
   428 | D:1      | Reached skill level 5 in Stealth
   676 | D:2      | Found a sacrificial altar of Ru.
   762 | D:2      | Noticed Terence
   772 | D:2      | Killed Terence
   773 | D:2      | Reached XP level 3. HP: 16/16 MP: 5/8
  1093 | D:2      | Found a runed translucent door.
  1094 | D:2      | Noticed Crazy Yiuf
  1191 | D:2      | Reached XP level 4. HP: 11/21 MP: 1/10
  1268 | D:2      | Learned a level 3 spell: Confusing Touch
  1272 | D:2      | Learned a level 3 spell: Tukima's Dance
  1316 | D:2      | Reached skill level 6 in Stealth
  1433 | D:2      | Noticed Sigmund
  1437 | D:2      | Killed Sigmund
  1438 | D:2      | Reached skill level 7 in Stealth
  1438 | D:2      | Reached XP level 5. HP: 24/24 MP: 10/12
  1517 | D:2      | Reached XP level 6. HP: 28/28 MP: 13/13
  1619 | D:2      | Killed Crazy Yiuf
  1703 | D:3      | Noticed Grinder
  1716 | D:3      | Killed Grinder
  1717 | D:3      | Reached skill level 8 in Stealth
  1717 | D:3      | Reached skill level 5 in Hexes
  1731 | D:3      | Reached XP level 7. HP: 22/32 MP: 12/15
  2532 | D:4      | Found a shadowy altar of Dithmenos.
  2578 | D:4      | Became a worshipper of Dithmenos the Shadowed
  2598 | D:4      | Noticed Ijyb
  2602 | D:4      | Killed Ijyb
  2603 | D:4      | Reached skill level 9 in Stealth
  2674 | D:4      | Reached skill level 5 in Spellcasting
  2870 | D:4      | Found a staircase to the Ecumenical Temple.
  3342 | D:5      | Entered Level 5 of the Dungeon
  3435 | D:5      | Found Iwugoqum's Hydra Hut.
  3453 | D:5      | Noticed a four-headed hydra
  3931 | D:5      | Reached * piety under Dithmenos
  4012 | D:5      | Reached skill level 10 in Stealth
  4012 | D:5      | Reached skill level 1 in Ice Magic
  4012 | D:5      | Reached XP level 8. HP: 36/36 MP: 14/17
  4056 | D:5      | Found a sacrificial altar of Ru.
  4330 | D:6      | You fall into a shaft and drop 1 floor!
  4680 | D:6      | Reached skill level 5 in Short Blades
  4786 | D:6      | Noticed Pikel
  4795 | D:6      | Killed Pikel
  4866 | D:6      | Learned a level 4 spell: Fulminant Prism
  5123 | D:7      | Reached skill level 11 in Stealth
  5123 | D:7      | Reached XP level 9. HP: 39/39 MP: 17/19
  5131 | D:7      | Found a bloodstained altar of Trog.
  5172 | D:7      | Found a stormy altar of Qazlal.
  5778 | D:7      | Found an ornate altar of the Wu Jian Council.
  6146 | D:7      | Found a basalt altar of Yredelemnul.
  6387 | D:8      | Found Zin's Purification Station.
  6421 | D:8      | Reached ** piety under Dithmenos
  6422 | D:8      | Reached skill level 1 in Conjurations
  6523 | D:8      | Found a glowing silver altar of Zin.
  6529 | D:8      | Bought a potion of curing for 90 gold pieces
  6887 | D:8      | Found a staircase to the Lair.
  6888 | D:8      | Noticed a komodo dragon
  7133 | D:8      | Killed a komodo dragon
  7134 | D:8      | Reached skill level 12 in Stealth
  7632 | D:9      | Noticed Erolcha
  7644 | D:9      | HP: 1/39 [Erolcha/+0 giant club (38)]
  7652 | D:9      | Killed Erolcha
  7653 | D:9      | Reached XP level 10. HP: 28/44 MP: 21/23
  8142 | Lair:1   | Entered Level 1 of the Lair of Beasts
  8292 | Lair:1   | Noticed a boulder beetle
  8297 | Lair:1   | Killed a boulder beetle
  8298 | Lair:1   | Reached skill level 13 in Stealth
  8354 | Lair:1   | Reached skill level 10 in Short Blades
  8354 | Lair:1   | Slain by a yak

Illustrated notes

Levels and vault maps discovered:
D:1:      giann_bridges, layout_loops_ring
D:2:      layout_loops_ring, basic_altar, uniq_terence, uniq_crazy_yiuf_cottage,
          uniq_sigmund
D:3:      layout_loops_ring, uniq_grinder
D:4:      layout_loops_corners, nicolae_dithmenos_through_a_glass_darkly,
          minmay_temple_entry_antechambers, kennysheep_flooded_box,
          kennysheep_boxes, uniq_ijyb
D:5:      black_bear_nest_1, layout_cave_pools, kennysheep_little_box,
          doesnt_shop_hydraphobe
D:6:      layout_gridville, kennysheep_generic_room_8, uniq_pikel
D:7:      layout_basic, mainiacjoe_overflow_catwalk_spiral,
          yredelemnul_forgotten_temple_becter, nzn_wu_jian_council_hall
D:8:      layout_gridville, zin_purify, david_lair_shrubbed
D:9:      layout_basic, nicolae_overflow_crystal_walls,
          minmay_tree_intersection, uniq_erolcha
Lair:1:   layout_chaotic_city

Skill      XL: |  1  2  3  4  5  6  7  8  9 10 |
---------------+-------------------------------+-----
Stealth        | 5 7 8 10 11 12 13 | 13.3
Spellcasting   | 3 4 5 6 8 |  8.9
Hexes          | 4 5 6 |  6.8
Short Blades   | 2 3 4 6 9 10 | 10.0
Ice Magic      | 1 2 3 |  3.6
Conjurations   | 2 3 |  3.1
Dodging        | |  2.6

Action                     |  1- 3 |  4- 6 |  7- 9 | 10-12 || total
---------------------------+-------+-------+-------+-------++-------
  Melee: Dagger            |    76 |    37 |   300 |    29 ||   442
         Punch             |       |       |     6 |       ||     6
   Cast: Ensorcelled Hiber |     5 |     1 |    52 |    16 ||    74
         Confusing Touch   |       |     1 |     7 |     1 ||     9
         Tukima's Dance    |       |       |    20 |       ||    20
    Use: Scroll            |     5 |     1 |     6 |     2 ||    14
         Potion            |       |     1 |     4 |       ||     5
   Stab: Sleeping          |    10 |     8 |    63 |    10 ||    91
         Invisible         |       |     5 |       |       ||     5
         Distracted        |       |       |     2 |       ||     2
         Confused          |       |       |     7 |     1 ||     8
 Armour: Robe              |     7 |     4 |    25 |       ||    36
         Acid dragon scale |       |       |       |     6 ||     6
  Dodge: Dodged            |    41 |    16 |   181 |    24 ||   262
